Capitals vs Kings
(R1)
Created - November 14, 2020 at 00:29
Goals
|
| Capitals |
2 |
0 |
3 |
0 |
2 |
6 |
| Kings |
0 |
4 |
1 |
0 |
1 |
5 |
|
Shots
|
| Capitals |
10 |
11 |
5 |
0 |
5 |
26 |
| Kings |
11 |
20 |
8 |
1 |
5 |
40 |
|
1st period
1. Capitals , Derek Roy 3 (Alexander Steen 5, Ryan Getzlaf 6) at 10:12 (PP)
2. Capitals , Patrick Sharp 6 (Derek Roy 12, Torey Krug 2) at 18:54
Penalties :
Darnell Nurse (LAK) for Hooking (Minor) at 8:54, Ryan Nugent-Hopkins (Was) for Roughing (Minor) at 15:07
2nd period
3. Kings , Gilbert Brule 6 (Eric Gelinas 5, Niclas Bergfors 3) at 3:11
4. Kings , Gilbert Brule 7 (Eric Gelinas 6, Gabriel Landeskog 5) at 3:46
5. Kings , Teuvo Teravainen 3 (Vitaly Vishnevsky 3, Adam Larsson 2) at 4:02
6. Kings , Matt Martin 2 (Brandon Yip 3, Adam Larsson 3) at 14:21
Penalties :
Derek Roy (Was) for Hooking (Minor) at 11:46, Adam Larsson (LAK) for Cross-checking (Minor) at 17:06
3rd period
7. Capitals , Joe Pavelski 5 (Derek Roy 13) at 0:23
8. Capitals , Ryan Suter 1 (Derek Roy 14, Joe Pavelski 7) at 0:30
9. Kings , Tom Wilson 1 (Nathan MacKinnon 5, Gabriel Landeskog 6) at 16:17 (PP)
10. Capitals , Jason Pominville 8 (Alexander Steen 6, Mikko Koivu 2) at 17:06
Penalties :
Gilbert Brule (LAK) for Cross-checking (Minor) at 0:37, Alexander Steen (Was) for Tripping (Minor) at 15:43
Overtime #1
No Goal
Penalties :
No Penalty
Shootout
Capitals, Joe Pavelski - Stopped by Robin Lehner
Kings, Anze Kopitar - Shot Misses the Net
Capitals, Derek Roy - Stopped by Robin Lehner
Kings, Gilbert Brule - Stopped by Tuukka Rask
Capitals, Jason Pominville - Stopped by Robin Lehner
Kings, Niclas Bergfors - Shot Misses the Net
Capitals, Blake Wheeler - Goal!
Kings, Matt Martin - Goal!
Capitals, Ryan Getzlaf - Goal!
Kings, Brandon Yip - Shot Misses the Net
Penalties :
No Penalty
Goalie Stats
Tuukka Rask (Was), 35 saves from 40 shots - (0.875), W, 6-2-1, 65:00 minutes
Robin Lehner (LAK), 21 saves from 26 shots - (0.808), OTL, 3-4-2, 65:00 minutes
Players Stats for Capitals
Player Name G A P +/- PIM S H SB GA TA FO MP PP MP PK MP
------------------------------------------------------------------------------------
Alexander Steen 0 2 2 1 2 4 2 0 0 1 0/0 19:12 2:42 1:04
Blake Wheeler 0 0 0 -1 0 0 0 0 1 0 0/0 14:48 0:09 0:40
Brent Burns 0 0 0 0 0 2 4 5 0 0 0/0 32:49 3:19 2:30
Derek Roy 1 3 4 0 2 3 0 2 2 0 16/33 23:16 2:25 1:34
Jason Pominville 1 0 1 1 0 3 0 0 0 1 0/1 18:42 2:42 0:40
Joe Pavelski 1 1 2 0 0 3 2 0 0 1 6/8 28:35 2:25 2:45
Josh Manson 0 0 0 -2 0 0 0 3 0 1 0/0 11:19 0:00 0:00
Marc-Édouard Vlasic 0 0 0 -2 0 0 1 0 0 0 0/0 11:19 0:00 0:00
Mikko Koivu 0 1 1 -1 0 1 3 0 1 0 4/5 14:38 0:09 0:03
Ondrej Palat 0 0 0 -1 0 1 1 0 0 0 0/0 15:11 0:00 1:43
Patrick Sharp 1 0 1 0 0 3 2 1 2 0 1/2 19:33 2:25 0:02
Roman Josi 0 0 0 -1 0 0 0 0 0 0 0/0 5:23 0:00 0:00
Ryan Getzlaf 0 1 1 1 0 1 1 0 0 0 6/14 16:53 2:42 0:00
Ryan Nugent-Hopkins 0 0 0 0 2 1 0 1 0 0 3/5 6:06 0:00 0:33
Ryan Suter 1 0 1 2 0 2 0 0 0 1 0/0 20:52 1:57 2:02
T.J. Oshie 0 0 0 0 0 1 0 0 0 0 1/1 8:31 0:09 0:00
Torey Krug 0 1 1 1 0 0 0 5 1 0 0/0 27:26 3:19 2:30
Trevor Daley 0 0 0 2 0 1 1 2 0 0 0/0 20:52 1:57 2:02
Players Stats for Kings
Player Name G A P +/- PIM S H SB GA TA FO MP PP MP PK MP
------------------------------------------------------------------------------------
Adam Larsson 0 2 2 1 2 0 1 0 0 0 0/0 17:42 0:00 1:21
Anze Kopitar 0 0 0 -1 0 5 3 1 1 0 10/24 22:38 3:17 0:00
Brandon Yip 0 1 1 0 0 2 3 1 0 0 0/0 11:48 0:00 0:00
Cal Clutterbuck 0 0 0 0 0 0 0 0 0 0 1/1 9:24 0:00 3:14
Darnell Nurse 0 0 0 -1 2 1 2 0 0 3 0/0 22:48 1:15 2:27
Eric Gelinas 0 2 2 -1 0 3 0 0 0 2 0/0 25:27 3:17 2:11
Gabriel Landeskog 0 2 2 1 0 1 2 0 0 0 0/1 22:18 2:54 0:47
Gilbert Brule 2 0 2 1 2 7 1 0 1 0 11/20 19:03 1:38 0:00
Jake McCabe 0 0 0 0 0 1 2 0 0 0 0/0 21:58 1:15 1:20
Jeff Schultz 0 0 0 0 0 0 1 1 0 0 0/0 21:50 0:00 3:05
Matt Martin 1 0 1 0 0 2 3 0 0 0 0/0 14:12 0:00 1:27
Mike Comrie 0 0 0 0 0 3 0 1 0 0 5/8 9:34 0:00 3:17
Nathan MacKinnon 0 1 1 0 0 2 0 0 0 0 4/12 15:58 2:54 0:00
Niclas Bergfors 0 1 1 1 0 6 2 0 1 0 0/1 17:08 1:38 0:00
Peter Regin 0 0 0 0 0 0 0 0 0 0 0/0 7:37 0:00 1:27
Teuvo Teravainen 1 0 1 -1 0 2 1 0 2 2 1/2 20:38 1:38 0:20
Tom Wilson 1 0 1 -1 0 5 2 0 0 0 0/0 18:21 2:54 0:00
Vitaly Vishnevsky 0 1 1 1 0 0 0 0 0 0 0/0 16:17 0:00 0:08
3 Stars
1 - Derek Roy (Was)
2 - Gilbert Brule (LAK)
3 - Joe Pavelski (Was)
Power Play
Capitals - 1 on 3 Attempt(s) - 33.33%
Kings - 1 on 3 Attempt(s) - 33.33%
Penalty Kill
Capitals - 2 on 3 Attempt(s) - 66.67%
- Score 0 goal in Penalty Kill
Kings - 2 on 3 Attempt(s) - 66.67%
- Score 0 goal in Penalty Kill
Team Stat
Capitals - Hits : 17 - Faceoff Wins : 37 - Blocked Shots : 19 - Penalty Minutes : 6
Kings - Hits : 23 - Faceoff Wins : 32 - Blocked Shots : 4 - Penalty Minutes : 6
Official
Referees : Unknown
Linesman : Unknown
Game Notes
No Game Note
Finance
Level 1 -- Attendance: 5562 (92.70%) -- Ticket Income $556,200
Level 2 -- Attendance: 5000 (100.00%) -- Ticket Income $300,000
Level 3 -- Attendance: 1893 (94.65%) -- Ticket Income $56,790
Level 4 -- Attendance: 4000 (100.00%) -- Ticket Income $80,000
Luxury Box -- Attendance: 941 (94.10%) -- Ticket Income $164,675
Game was played at the Staples Center.
Total Attendance: 17396 (96.64%)
Total Ticket Income: $1,157,665
Other Income: $173,650
Total Income: $1,331,315
Capitals
5 vs 5 Forward
Center Left Wing Right Wing Time % Phy DF OF
1 Derek Roy Patrick Sharp Joe Pavelski 40 1 2 2
2 Ryan Getzlaf Alexander Steen Jason Pominville 30 1 2 2
3 Mikko Koivu Ondrej Palat Blake Wheeler 20 1 2 2
4 Ryan Nugent-Hopkins Joe Pavelski T.J. Oshie 10 1 2 2
5 vs 5 Defense
Defense Defense Time % Phy DF OF
1 Brent Burns Torey Krug 40 1 2 2
2 Trevor Daley Ryan Suter 30 1 2 2
3 Marc-Édouard Vlasic Josh Manson 20 1 2 2
4 Roman Josi Brent Burns 10 1 2 2
PowerPlay Forward
Center Left Wing Right Wing Time % Phy DF OF
1 Derek Roy Patrick Sharp Joe Pavelski 60 1 2 2
2 Ryan Getzlaf Alexander Steen Jason Pominville 40 1 2 2
PowerPlay Defense
Defense Defense Time % Phy DF OF
1 Brent Burns Torey Krug 60 1 2 2
2 Trevor Daley Ryan Suter 40 1 2 2
Penalty Kill 4 Players Forward
Center Wing Time % Phy DF OF
1 Joe Pavelski Derek Roy 60 1 2 2
2 Jason Pominville Blake Wheeler 40 1 2 2
Penalty Kill 4 Players Defense
Defense Defense Time % Phy DF OF
1 Brent Burns Torey Krug 60 1 2 2
2 Trevor Daley Ryan Suter 40 1 2 2
Penalty Kill - 3 Players Forward
Forward Time % Phy DF OF
1 Joe Pavelski 60 1 2 2
2 Derek Roy 40 1 2 2
Penalty Kill - 3 Players Defense
Defense Defense Time % Phy DF OF
1 Brent Burns Torey Krug 60 1 2 2
2 Trevor Daley Ryan Suter 40 1 2 2
4 vs 4 Forward
Center Wing Time % Phy DF OF
1 Joe Pavelski Derek Roy 60 1 2 2
2 Jason Pominville Blake Wheeler 40 1 2 2
4 vs 4 Defense
Defense Defense Time % Phy DF OF
1 Brent Burns Torey Krug 60 1 2 2
2 Trevor Daley Ryan Suter 40 1 2 2
Last Minutes Offensive
Center Left Wing Right Wing Defense Defense
Derek Roy Patrick Sharp Joe Pavelski Brent Burns Torey Krug
Last Minutes Defensive
Center Left Wing Right Wing Defense Defense
Derek Roy Patrick Sharp Joe Pavelski Brent Burns Torey Krug
Goaltenders
Starting : Tuukka Rask
Backup : Keith Kinkaid
Extra Forwards
Normal : Mikko Koivu, T.J. Oshie, Ondrej Palat - PP : Mikko Koivu, T.J. Oshie - PK : Ondrej Palat
Extra Defensemen
Normal : Marc-Édouard Vlasic, Josh Manson, Roman Josi - PP : Marc-Édouard Vlasic - PK : Josh Manson, Roman Josi
Penalty Shots
Joe Pavelski, Derek Roy, Jason Pominville, Blake Wheeler, Ryan Getzlaf
Scratches
Jeff Skinner (Healthy), Mike Green (Healthy)
Kings
5 vs 5 Forward
Center Left Wing Right Wing Time % Phy DF OF
1 Gilbert Brule Gabriel Landeskog Niclas Bergfors 35 1 2 2
2 Anze Kopitar Teuvo Teravainen Tom Wilson 35 1 2 2
3 Nathan MacKinnon Matt Martin Brandon Yip 25 1 2 2
4 Mike Comrie Peter Regin Cal Clutterbuck 5 2 2 1
5 vs 5 Defense
Defense Defense Time % Phy DF OF
1 Darnell Nurse Eric Gelinas 35 1 3 1
2 Jeff Schultz Jake McCabe 35 1 3 1
3 Vitaly Vishnevsky Adam Larsson 30 1 3 1
4 Vitaly Vishnevsky Jake McCabe 0 1 3 1
PowerPlay Forward
Center Left Wing Right Wing Time % Phy DF OF
1 Nathan MacKinnon Gabriel Landeskog Tom Wilson 60 0 1 4
2 Gilbert Brule Teuvo Teravainen Niclas Bergfors 40 0 1 4
PowerPlay Defense
Defense Defense Time % Phy DF OF
1 Anze Kopitar Eric Gelinas 60 0 3 2
2 Jake McCabe Darnell Nurse 40 1 2 2
Penalty Kill 4 Players Forward
Center Wing Time % Phy DF OF
1 Mike Comrie Cal Clutterbuck 60 1 3 1
2 Peter Regin Matt Martin 40 1 3 1
Penalty Kill 4 Players Defense
Defense Defense Time % Phy DF OF
1 Darnell Nurse Jeff Schultz 60 1 4 0
2 Eric Gelinas Adam Larsson 40 1 4 0
Penalty Kill - 3 Players Forward
Forward Time % Phy DF OF
1 Anze Kopitar 60 1 3 1
2 Gabriel Landeskog 40 1 3 1
Penalty Kill - 3 Players Defense
Defense Defense Time % Phy DF OF
1 Jeff Schultz Darnell Nurse 60 1 4 0
2 Eric Gelinas Adam Larsson 40 1 4 0
4 vs 4 Forward
Center Wing Time % Phy DF OF
1 Anze Kopitar Gabriel Landeskog 60 1 2 2
2 Nathan MacKinnon Matt Martin 40 1 2 2
4 vs 4 Defense
Defense Defense Time % Phy DF OF
1 Darnell Nurse Eric Gelinas 60 1 2 2
2 Jeff Schultz Jake McCabe 40 1 2 2
Last Minutes Offensive
Center Left Wing Right Wing Defense Defense
Anze Kopitar Gabriel Landeskog Niclas Bergfors Adam Larsson Eric Gelinas
Last Minutes Defensive
Center Left Wing Right Wing Defense Defense
Anze Kopitar Gabriel Landeskog Cal Clutterbuck Darnell Nurse Jeff Schultz
Goaltenders
Starting : Robin Lehner
Backup : Antti Niemi
Extra Forwards
Normal : Anze Kopitar, Gilbert Brule, Nathan MacKinnon - PP : Matt Martin, Gilbert Brule - PK : Gabriel Landeskog
Extra Defensemen
Normal : Jeff Schultz, Eric Gelinas, Darnell Nurse - PP : Darnell Nurse - PK : Jake McCabe, Vitaly Vishnevsky
Penalty Shots
Anze Kopitar, Gilbert Brule, Niclas Bergfors, Matt Martin, Brandon Yip
Scratches
Eric Nystrom (Healthy), Matt Greene (Healthy)
% Time on Ice - Capitals
Lines # - Real PCT - Wanted PCT - Time Play
Normal Forward
1 - 37% - 40% - 18:39
2 - 28% - 30% - 14:11
3 - 24% - 20% - 11:56
4 - 11% - 10% - 5:26
Normal Defense
1 - 38% - 40% - 19:18
2 - 30% - 30% - 14:58
3 - 21% - 20% - 10:33
4 - 11% - 10% - 5:23
PP Forward
1 - 49% - 60% - 2:34
2 - 51% - 40% - 2:42
PP Defense
1 - 63% - 60% - 3:19
2 - 37% - 40% - 1:57
PK Forward
1 - 85% - 60% - 3:52
2 - 15% - 40% - 0:40
PK Defense
1 - 55% - 60% - 2:30
2 - 45% - 40% - 2:02
PK3 Forward
1 - 0% - 60%
2 - 0% - 40%
PK3 Defense
1 - 0% - 60%
2 - 0% - 40%
44 Forward
1 - 77% - 60% - 3:51
2 - 23% - 40% - 1:09
44 Defense
1 - 62% - 60% - 3:05
2 - 38% - 40% - 1:55
Last Minute Offensive - 0:00
Last Minute Defensive - 0:00
Total
Forward - 65:00
Defense - 65:00
|
% Time on Ice - Kings
Lines # - Real PCT - Wanted PCT - Time Play
Normal Forward
1 - 34% - 35% - 17:08
2 - 31% - 35% - 15:38
3 - 22% - 25% - 11:16
4 - 12% - 5% - 6:10
Normal Defense
1 - 35% - 35% - 17:24
2 - 34% - 35% - 17:08
3 - 30% - 30% - 15:02
4 - 1% - 0% - 0:38
PP Forward
1 - 64% - 60% - 2:54
2 - 36% - 40% - 1:38
PP Defense
1 - 72% - 60% - 3:17
2 - 28% - 40% - 1:15
PK Forward
1 - 72% - 60% - 3:49
2 - 28% - 40% - 1:27
PK Defense
1 - 59% - 60% - 3:05
2 - 41% - 40% - 2:11
PK3 Forward
1 - 0% - 60%
2 - 0% - 40%
PK3 Defense
1 - 0% - 60%
2 - 0% - 40%
44 Forward
1 - 86% - 60% - 4:17
2 - 14% - 40% - 0:43
44 Defense
1 - 62% - 60% - 3:06
2 - 38% - 40% - 1:54
Last Minute Offensive - 0:00
Last Minute Defensive - 0:00
Total
Forward - 65:00
Defense - 65:00
|
Play-by-Play
1st period
0:01 of 1st period - Gilbert Brule wins face-off versus Derek Roy in neutral zone.
0:12 of 1st period - Slapshot by Gabriel Landeskog.
0:12 of 1st period - Shot Blocked by Brent Burns.
0:14 of 1st period - Slapshot by Darnell Nurse.
0:14 of 1st period - Deflect By Niclas Bergfors.
0:14 of 1st period - Stopped by Tuukka Rask without a rebound.
0:15 of 1st period - Anze Kopitar wins face-off versus Ryan Getzlaf in Capitals zone.
1:09 of 1st period - Ryan Suter is hit by Niclas Bergfors.
2:05 of 1st period - Mikko Koivu is hit by Teuvo Teravainen and loses puck.
2:54 of 1st period - Eric Gelinas is hit by Brent Burns and loses puck.
3:01 of 1st period - Blake Wheeler is hit by Matt Martin and loses puck.
3:23 of 1st period - Snap shot by Alexander Steen.
3:23 of 1st period - Shot Misses the Net.
3:25 of 1st period - Wrist shot by Alexander Steen.
3:25 of 1st period - Deflect By Jason Pominville.
3:25 of 1st period - Shot Misses the Net.
3:25 of 1st period - Puck is out of play.
3:26 of 1st period - Ryan Getzlaf wins face-off versus Gilbert Brule in Kings zone.
3:41 of 1st period - Snap shot by Ryan Getzlaf.
3:41 of 1st period - Stopped by Robin Lehner without a rebound.
3:42 of 1st period - Derek Roy wins face-off versus Anze Kopitar in Kings zone.
4:09 of 1st period - Ryan Getzlaf is hit by Gilbert Brule.
4:15 of 1st period - Wrist shot by Gilbert Brule.
4:15 of 1st period - Stopped by Tuukka Rask without a rebound.
4:16 of 1st period - Gilbert Brule wins face-off versus Ryan Nugent-Hopkins in Capitals zone.
4:23 of 1st period - Snap shot by Gilbert Brule.
4:23 of 1st period - Stopped by Tuukka Rask with a rebound.
4:27 of 1st period - Wrist shot by Gabriel Landeskog.
4:27 of 1st period - Stopped by Tuukka Rask with a rebound.
4:45 of 1st period - Snap shot by Tom Wilson.
4:45 of 1st period - Stopped by Tuukka Rask without a rebound.
4:46 of 1st period - Anze Kopitar wins face-off versus Derek Roy in Capitals zone.
4:47 of 1st period - Snap shot by Tom Wilson.
4:47 of 1st period - Shot Blocked by Josh Manson.
4:49 of 1st period - Wrist shot by Anze Kopitar.
4:49 of 1st period - Shot Misses the Net.
4:51 of 1st period - Snap shot by Anze Kopitar.
4:51 of 1st period - Deflect By Teuvo Teravainen.
4:51 of 1st period - Shot Misses the Net.
4:51 of 1st period - Puck is out of play.
4:52 of 1st period - Derek Roy wins face-off versus Nathan MacKinnon in Capitals zone.
4:57 of 1st period - Brandon Yip is hit by Joe Pavelski and loses puck.
6:59 of 1st period - Snap shot by Mikko Koivu.
6:59 of 1st period - Deflect By Ondrej Palat.
6:59 of 1st period - Shot Misses the Net.
6:59 of 1st period - Puck is out of play.
7:00 of 1st period - Derek Roy wins face-off versus Anze Kopitar in Kings zone.
8:24 of 1st period - Brent Burns is hit by Anze Kopitar and loses puck.
8:54 of 1st period - Minor Penalty to Darnell Nurse for Hooking.
8:55 of 1st period - Cal Clutterbuck wins face-off versus Derek Roy in Kings zone.
9:25 of 1st period - Snap shot by Alexander Steen.
9:25 of 1st period - Stopped by Robin Lehner without a rebound.
9:26 of 1st period - Mike Comrie wins face-off versus Patrick Sharp in Kings zone.
9:39 of 1st period - Mike Comrie is hit by Patrick Sharp and loses puck.
9:58 of 1st period - Snap shot by Matt Martin.
9:58 of 1st period - Stopped by Tuukka Rask with a rebound.
10:12 of 1st period - Snap shot by Derek Roy.
10:12 of 1st period - Goal by Derek Roy - Capitals : 1 - Kings : 0.
10:13 of 1st period - Derek Roy wins face-off versus Anze Kopitar in neutral zone.
10:24 of 1st period - Wrist shot by Tom Wilson.
10:24 of 1st period - Shot Misses the Net.
10:26 of 1st period - Slapshot by Eric Gelinas.
10:26 of 1st period - Deflect By Derek Roy.
10:26 of 1st period - Stopped by Tuukka Rask without a rebound.
10:27 of 1st period - Derek Roy wins face-off versus Gilbert Brule in Capitals zone.
11:43 of 1st period - Snap shot by Mike Comrie.
11:43 of 1st period - Stopped by Tuukka Rask with a rebound.
12:13 of 1st period - Brent Burns is hit by Jake McCabe and loses puck.
12:28 of 1st period - Wrist shot by Mikko Koivu.
12:28 of 1st period - Stopped by Robin Lehner with a rebound.
12:30 of 1st period - Snap shot by Blake Wheeler.
12:30 of 1st period - Shot Misses the Net.
12:32 of 1st period - Snap shot by Ondrej Palat.
12:32 of 1st period - Stopped by Robin Lehner with a rebound.
12:34 of 1st period - Slapshot by Trevor Daley.
12:34 of 1st period - Stopped by Robin Lehner without a rebound.
12:35 of 1st period - Ryan Getzlaf wins face-off versus Anze Kopitar in Kings zone.
12:36 of 1st period - Snap shot by Alexander Steen.
12:36 of 1st period - Shot Blocked by Anze Kopitar.
12:50 of 1st period - Snap shot by Anze Kopitar.
12:50 of 1st period - Shot Misses the Net.
13:00 of 1st period - Adam Larsson is hit by Mikko Koivu and loses puck.
13:24 of 1st period - Joe Pavelski is hit by Matt Martin and loses puck.
13:30 of 1st period - Icing by Derek Roy.
13:31 of 1st period - Anze Kopitar wins face-off versus Derek Roy in Capitals zone.
14:22 of 1st period - Backhand shot by Jason Pominville.
14:22 of 1st period - Shot Blocked by Brandon Yip.
14:39 of 1st period - Cal Clutterbuck is hit by Ondrej Palat and loses puck.
14:46 of 1st period - Snap shot by Mikko Koivu.
14:46 of 1st period - Shot Misses the Net.
15:07 of 1st period - Minor Penalty to Ryan Nugent-Hopkins for Roughing.
15:08 of 1st period - Nathan MacKinnon wins face-off versus Joe Pavelski in Capitals zone.
15:08 of 1st period - Snap shot by Tom Wilson.
15:08 of 1st period - Stopped by Tuukka Rask with a rebound.
15:18 of 1st period - Slapshot by Nathan MacKinnon.
15:18 of 1st period - Stopped by Tuukka Rask without a rebound.
15:19 of 1st period - Joe Pavelski wins face-off versus Nathan MacKinnon in Capitals zone.
15:28 of 1st period - Slapshot by Eric Gelinas.
15:28 of 1st period - Shot Blocked by Derek Roy.
17:07 of 1st period - Penalty to Ryan Nugent-Hopkins is over, Ryan Nugent-Hopkins is back on ice.
17:53 of 1st period - Off-side.
17:54 of 1st period - Ryan Nugent-Hopkins wins face-off versus Nathan MacKinnon in neutral zone.
17:57 of 1st period - Brandon Yip is hit by Brent Burns and loses puck.
18:38 of 1st period - Snap shot by Niclas Bergfors.
18:38 of 1st period - Stopped by Tuukka Rask without a rebound.
18:39 of 1st period - Ryan Getzlaf wins face-off versus Gilbert Brule in Capitals zone.
18:44 of 1st period - Wrist shot by Brent Burns.
18:44 of 1st period - Stopped by Robin Lehner without a rebound.
18:45 of 1st period - Derek Roy wins face-off versus Niclas Bergfors in Kings zone.
18:46 of 1st period - Wrist shot by Brent Burns.
18:46 of 1st period - Stopped by Robin Lehner with a rebound.
18:48 of 1st period - Snap shot by Patrick Sharp.
18:48 of 1st period - Deflect By Gabriel Landeskog.
18:48 of 1st period - Stopped by Robin Lehner with a rebound.
18:54 of 1st period - Wrist shot by Patrick Sharp.
18:54 of 1st period - Goal by Patrick Sharp - Capitals : 2 - Kings : 0.
18:55 of 1st period - Derek Roy wins face-off versus Anze Kopitar in neutral zone.
19:22 of 1st period - Alexander Steen is hit by Niclas Bergfors and loses puck.
Goals for this period are 2 for Capitals vs 0 for Kings.
Shots for this period are 10 for Capitals vs 11 for Kings.
2nd period
0:01 of 2nd period - Anze Kopitar wins face-off versus Derek Roy in neutral zone.
0:08 of 2nd period - Wrist shot by Anze Kopitar.
0:08 of 2nd period - Stopped by Tuukka Rask without a rebound.
0:09 of 2nd period - Derek Roy wins face-off versus Anze Kopitar in Capitals zone.
0:23 of 2nd period - Wrist shot by Anze Kopitar.
0:23 of 2nd period - Shot Misses the Net.
0:25 of 2nd period - Wrist shot by Tom Wilson.
0:25 of 2nd period - Shot Blocked by Torey Krug.
0:27 of 2nd period - Wrist shot by Teuvo Teravainen.
0:27 of 2nd period - Shot Blocked by Brent Burns.
0:29 of 2nd period - Wrist shot by Tom Wilson.
0:29 of 2nd period - Shot Blocked by Brent Burns.
0:33 of 2nd period - Wrist shot by Anze Kopitar.
0:33 of 2nd period - Stopped by Tuukka Rask with a rebound.
0:35 of 2nd period - Wrist shot by Tom Wilson.
0:35 of 2nd period - Shot Misses the Net.
0:37 of 2nd period - Slapshot by Darnell Nurse.
0:37 of 2nd period - Stopped by Tuukka Rask with a rebound.
0:39 of 2nd period - Slapshot by Darnell Nurse.
0:39 of 2nd period - Shot Blocked by Patrick Sharp.
0:41 of 2nd period - Snap shot by Tom Wilson.
0:41 of 2nd period - Stopped by Tuukka Rask with a rebound.
0:43 of 2nd period - Slapshot by Eric Gelinas.
0:43 of 2nd period - Shot Blocked by Torey Krug.
0:51 of 2nd period - Snap shot by Anze Kopitar.
0:51 of 2nd period - Deflect By Tom Wilson.
0:51 of 2nd period - Shot Blocked by Torey Krug.
0:51 of 2nd period - Puck is out of play.
0:52 of 2nd period - Ryan Getzlaf wins face-off versus Gilbert Brule in Capitals zone.
1:28 of 2nd period - Icing by Matt Martin.
1:29 of 2nd period - Nathan MacKinnon wins face-off versus Derek Roy in Kings zone.
1:36 of 2nd period - Wrist shot by Matt Martin.
1:36 of 2nd period - Shot Misses the Net.
1:58 of 2nd period - Jason Pominville is hit by Gabriel Landeskog and loses puck.
3:07 of 2nd period - Wrist shot by Niclas Bergfors.
3:07 of 2nd period - Stopped by Tuukka Rask with a rebound.
3:09 of 2nd period - Snap shot by Eric Gelinas.
3:09 of 2nd period - Shot Blocked by Josh Manson.
3:11 of 2nd period - Slapshot by Eric Gelinas.
3:11 of 2nd period - Deflect By Gilbert Brule.
3:11 of 2nd period - Goal by Gilbert Brule - Capitals : 2 - Kings : 1.
3:12 of 2nd period - Gilbert Brule wins face-off versus Derek Roy in neutral zone.
3:17 of 2nd period - Wrist shot by Gilbert Brule.
3:17 of 2nd period - Stopped by Tuukka Rask with a rebound.
3:19 of 2nd period - Slapshot by Eric Gelinas.
3:19 of 2nd period - Deflect By Brent Burns.
3:19 of 2nd period - Stopped by Tuukka Rask without a rebound.
3:20 of 2nd period - Derek Roy wins face-off versus Gilbert Brule in Capitals zone.
3:42 of 2nd period - Snap shot by Gabriel Landeskog.
3:42 of 2nd period - Shot Misses the Net.
3:44 of 2nd period - Wrist shot by Eric Gelinas.
3:44 of 2nd period - Shot Misses the Net.
3:46 of 2nd period - Slapshot by Gilbert Brule.
3:46 of 2nd period - Goal by Gilbert Brule - Capitals : 2 - Kings : 2.
3:47 of 2nd period - Teuvo Teravainen wins face-off versus Derek Roy in neutral zone.
4:00 of 2nd period - Slapshot by Vitaly Vishnevsky.
4:00 of 2nd period - Shot Blocked by Derek Roy.
4:02 of 2nd period - Wrist shot by Teuvo Teravainen.
4:02 of 2nd period - Goal by Teuvo Teravainen - Capitals : 2 - Kings : 3.
4:03 of 2nd period - Anze Kopitar wins face-off versus Derek Roy in neutral zone.
4:30 of 2nd period - Brent Burns is hit by Jake McCabe and loses puck.
5:07 of 2nd period - Snap shot by Alexander Steen.
5:07 of 2nd period - Shot Blocked by Mike Comrie.
6:00 of 2nd period - Off-side.
6:01 of 2nd period - Ryan Nugent-Hopkins wins face-off versus Gilbert Brule in neutral zone.
6:04 of 2nd period - Snap shot by Ryan Nugent-Hopkins.
6:04 of 2nd period - Stopped by Robin Lehner with a rebound.
6:06 of 2nd period - Slapshot by Ryan Suter.
6:06 of 2nd period - Stopped by Robin Lehner with a rebound.
6:14 of 2nd period - Snap shot by T.J. Oshie.
6:14 of 2nd period - Stopped by Robin Lehner with a rebound.
6:16 of 2nd period - Snap shot by Joe Pavelski.
6:16 of 2nd period - Stopped by Robin Lehner without a rebound.
6:17 of 2nd period - Derek Roy wins face-off versus Anze Kopitar in Kings zone.
6:51 of 2nd period - Snap shot by Gilbert Brule.
6:51 of 2nd period - Shot Misses the Net.
7:44 of 2nd period - Snap shot by Mike Comrie.
7:44 of 2nd period - Stopped by Tuukka Rask without a rebound.
7:45 of 2nd period - Mike Comrie wins face-off versus Ryan Nugent-Hopkins in Capitals zone.
7:58 of 2nd period - Snap shot by Cal Clutterbuck.
7:58 of 2nd period - Shot Blocked by Trevor Daley.
8:27 of 2nd period - Jeff Schultz is hit by Alexander Steen and loses puck.
8:40 of 2nd period - Snap shot by Gilbert Brule.
8:40 of 2nd period - Stopped by Tuukka Rask without a rebound.
8:41 of 2nd period - Mikko Koivu wins face-off versus Anze Kopitar in Capitals zone.
8:41 of 2nd period - Mikko Koivu is hit by Anze Kopitar.
8:56 of 2nd period - Snap shot by Anze Kopitar.
8:56 of 2nd period - Shot Hit the Post.
9:08 of 2nd period - Snap shot by Patrick Sharp.
9:08 of 2nd period - Stopped by Robin Lehner with a rebound.
9:10 of 2nd period - Slapshot by Patrick Sharp.
9:10 of 2nd period - Shot Misses the Net.
9:12 of 2nd period - Wrist shot by Joe Pavelski.
9:12 of 2nd period - Stopped by Robin Lehner with a rebound.
9:28 of 2nd period - Slapshot by Gabriel Landeskog.
9:28 of 2nd period - Shot Blocked by Josh Manson.
9:32 of 2nd period - Snap shot by Gilbert Brule.
9:32 of 2nd period - Deflect By Ryan Getzlaf.
9:32 of 2nd period - Stopped by Tuukka Rask without a rebound.
9:33 of 2nd period - Gilbert Brule wins face-off versus Ryan Getzlaf in Capitals zone.
9:36 of 2nd period - Snap shot by Niclas Bergfors.
9:36 of 2nd period - Stopped by Tuukka Rask without a rebound.
9:37 of 2nd period - Anze Kopitar wins face-off versus Ryan Getzlaf in Capitals zone.
9:49 of 2nd period - Icing by Alexander Steen.
9:50 of 2nd period - Gilbert Brule wins face-off versus Ryan Getzlaf in Capitals zone.
10:08 of 2nd period - Icing by Trevor Daley.
10:09 of 2nd period - Anze Kopitar wins face-off versus Ryan Getzlaf in Capitals zone.
10:25 of 2nd period - Snap shot by Alexander Steen.
10:25 of 2nd period - Shot Misses the Net.
10:33 of 2nd period - Snap shot by Alexander Steen.
10:33 of 2nd period - Stopped by Robin Lehner without a rebound.
10:34 of 2nd period - Gilbert Brule wins face-off versus Derek Roy in Kings zone.
10:48 of 2nd period - Off-side.
10:49 of 2nd period - Anze Kopitar wins face-off versus Derek Roy in neutral zone.
10:54 of 2nd period - Joe Pavelski is hit by Tom Wilson and loses puck.
11:01 of 2nd period - Wrist shot by Anze Kopitar.
11:01 of 2nd period - Stopped by Tuukka Rask without a rebound.
11:02 of 2nd period - Derek Roy wins face-off versus Gilbert Brule in Capitals zone.
11:31 of 2nd period - Icing by Adam Larsson.
11:32 of 2nd period - Anze Kopitar wins face-off versus Ryan Getzlaf in Kings zone.
11:40 of 2nd period - Snap shot by Jason Pominville.
11:40 of 2nd period - Deflect By Alexander Steen.
11:40 of 2nd period - Stopped by Robin Lehner without a rebound.
11:41 of 2nd period - Nathan MacKinnon wins face-off versus Derek Roy in Kings zone.
11:41 of 2nd period - Nathan MacKinnon is hit by Marc-Édouard Vlasic.
11:46 of 2nd period - Minor Penalty to Derek Roy for Hooking.
11:47 of 2nd period - Joe Pavelski wins face-off versus Gabriel Landeskog in Capitals zone.
11:59 of 2nd period - Snap shot by Tom Wilson.
11:59 of 2nd period - Stopped by Tuukka Rask without a rebound.
12:00 of 2nd period - Joe Pavelski wins face-off versus Nathan MacKinnon in Capitals zone.
12:17 of 2nd period - Wrist shot by Nathan MacKinnon.
12:17 of 2nd period - Stopped by Tuukka Rask without a rebound.
12:18 of 2nd period - Joe Pavelski wins face-off versus Teuvo Teravainen in Capitals zone.
13:46 of 2nd period - Penalty to Derek Roy is over, Derek Roy is back on ice.
13:56 of 2nd period - Snap shot by Jason Pominville.
13:56 of 2nd period - Stopped by Robin Lehner without a rebound.
13:57 of 2nd period - Mike Comrie wins face-off versus Ryan Getzlaf in Kings zone.
14:17 of 2nd period - Slapshot by Adam Larsson.
14:17 of 2nd period - Shot Misses the Net.
14:19 of 2nd period - Backhand shot by Brandon Yip.
14:19 of 2nd period - Stopped by Tuukka Rask with a rebound.
14:21 of 2nd period - Snap shot by Matt Martin.
14:21 of 2nd period - Goal by Matt Martin - Capitals : 2 - Kings : 4.
14:22 of 2nd period - Gilbert Brule wins face-off versus Joe Pavelski in neutral zone.
15:28 of 2nd period - Wrist shot by Brandon Yip.
15:28 of 2nd period - Stopped by Tuukka Rask without a rebound.
15:29 of 2nd period - Gilbert Brule wins face-off versus Derek Roy in Capitals zone.
16:20 of 2nd period - Wrist shot by Derek Roy.
16:20 of 2nd period - Shot Blocked by Jeff Schultz.
16:22 of 2nd period - Snap shot by Derek Roy.
16:22 of 2nd period - Shot Misses the Net.
17:03 of 2nd period - Snap shot by Derek Roy.
17:03 of 2nd period - Stopped by Robin Lehner without a rebound.
17:04 of 2nd period - Gilbert Brule wins face-off versus Ryan Getzlaf in Kings zone.
17:06 of 2nd period - Minor Penalty to Adam Larsson for Cross-checking.
17:07 of 2nd period - Ryan Getzlaf wins face-off versus Mike Comrie in Kings zone.
17:23 of 2nd period - Slapshot by Alexander Steen.
17:23 of 2nd period - Stopped by Robin Lehner without a rebound.
17:24 of 2nd period - Ryan Getzlaf wins face-off versus Mike Comrie in Kings zone.
18:15 of 2nd period - Matt Martin is hit by Alexander Steen and loses puck.
19:06 of 2nd period - Penalty to Adam Larsson is over, Adam Larsson is back on ice.
19:48 of 2nd period - Mikko Koivu is hit by Gabriel Landeskog and loses puck.
Goals for this period are 0 for Capitals vs 4 for Kings.
Shots for this period are 11 for Capitals vs 20 for Kings.
3rd period
0:01 of 3rd period - Derek Roy wins face-off versus Anze Kopitar in neutral zone.
0:11 of 3rd period - Off-side.
0:12 of 3rd period - Derek Roy wins face-off versus Anze Kopitar in neutral zone.
0:19 of 3rd period - Slapshot by Derek Roy.
0:19 of 3rd period - Stopped by Robin Lehner without a rebound.
0:20 of 3rd period - Derek Roy wins face-off versus Anze Kopitar in Kings zone.
0:23 of 3rd period - Snap shot by Joe Pavelski.
0:23 of 3rd period - Goal by Joe Pavelski - Capitals : 3 - Kings : 4.
0:24 of 3rd period - Derek Roy wins face-off versus Nathan MacKinnon in neutral zone.
0:30 of 3rd period - Slapshot by Ryan Suter.
0:30 of 3rd period - Goal by Ryan Suter - Capitals : 4 - Kings : 4.
0:31 of 3rd period - Patrick Sharp wins face-off versus Gilbert Brule in neutral zone.
0:37 of 3rd period - Minor Penalty to Gilbert Brule for Cross-checking.
0:38 of 3rd period - Mike Comrie wins face-off versus Derek Roy in Kings zone.
0:47 of 3rd period - Off-side.
0:48 of 3rd period - Derek Roy wins face-off versus Mike Comrie in neutral zone.
0:51 of 3rd period - Darnell Nurse is hit by Patrick Sharp and loses puck.
2:37 of 3rd period - Penalty to Gilbert Brule is over, Gilbert Brule is back on ice.
2:47 of 3rd period - Gabriel Landeskog is hit by Brent Burns.
3:36 of 3rd period - Marc-Édouard Vlasic is hit by Brandon Yip.
3:52 of 3rd period - Alexander Steen is hit by Darnell Nurse and loses puck.
3:57 of 3rd period - Snap shot by Mike Comrie.
3:57 of 3rd period - Stopped by Tuukka Rask without a rebound.
3:58 of 3rd period - Mike Comrie wins face-off versus Jason Pominville in Capitals zone.
4:05 of 3rd period - Snap shot by Mike Comrie.
4:05 of 3rd period - Deflect By Cal Clutterbuck.
4:05 of 3rd period - Shot Misses the Net.
4:05 of 3rd period - Puck is out of play.
4:06 of 3rd period - Mikko Koivu wins face-off versus Anze Kopitar in Capitals zone.
4:31 of 3rd period - Brent Burns is hit by Matt Martin and loses puck.
4:39 of 3rd period - Icing by Blake Wheeler.
4:40 of 3rd period - Gilbert Brule wins face-off versus Mikko Koivu in Capitals zone.
5:12 of 3rd period - Slapshot by Eric Gelinas.
5:12 of 3rd period - Stopped by Tuukka Rask with a rebound.
5:32 of 3rd period - Snap shot by Nathan MacKinnon.
5:32 of 3rd period - Shot Blocked by Brent Burns.
5:34 of 3rd period - Snap shot by Jake McCabe.
5:34 of 3rd period - Deflect By Alexander Steen.
5:34 of 3rd period - Stopped by Tuukka Rask with a rebound.
6:48 of 3rd period - Slapshot by Ondrej Palat.
6:48 of 3rd period - Shot Misses the Net.
7:35 of 3rd period - Icing by Brandon Yip.
7:36 of 3rd period - Mikko Koivu wins face-off versus Nathan MacKinnon in Kings zone.
8:07 of 3rd period - Snap shot by Anze Kopitar.
8:07 of 3rd period - Stopped by Tuukka Rask with a rebound.
8:09 of 3rd period - Slapshot by Tom Wilson.
8:09 of 3rd period - Shot Misses the Net.
8:11 of 3rd period - Snap shot by Teuvo Teravainen.
8:11 of 3rd period - Shot Misses the Net.
8:28 of 3rd period - Backhand shot by Jason Pominville.
8:28 of 3rd period - Stopped by Robin Lehner without a rebound.
8:29 of 3rd period - Gilbert Brule wins face-off versus Derek Roy in Kings zone.
9:00 of 3rd period - Mikko Koivu is hit by Anze Kopitar and loses puck.
9:11 of 3rd period - Snap shot by Anze Kopitar.
9:11 of 3rd period - Stopped by Tuukka Rask with a rebound.
10:01 of 3rd period - Snap shot by Gabriel Landeskog.
10:01 of 3rd period - Shot Misses the Net.
10:10 of 3rd period - Icing by Derek Roy.
10:11 of 3rd period - Anze Kopitar wins face-off versus Derek Roy in Capitals zone.
12:06 of 3rd period - Jason Pominville is hit by Brandon Yip and loses puck.
12:21 of 3rd period - Wrist shot by Niclas Bergfors.
12:21 of 3rd period - Stopped by Tuukka Rask without a rebound.
12:22 of 3rd period - Mikko Koivu wins face-off versus Gilbert Brule in Capitals zone.
12:27 of 3rd period - Vitaly Vishnevsky is hit by Mikko Koivu and loses puck.
12:46 of 3rd period - Torey Krug is hit by Tom Wilson and loses puck.
13:13 of 3rd period - Tom Wilson is hit by Ryan Getzlaf and loses puck.
14:32 of 3rd period - Mike Comrie is hit by Trevor Daley and loses puck.
14:47 of 3rd period - Snap shot by Niclas Bergfors.
14:47 of 3rd period - Stopped by Tuukka Rask with a rebound.
15:43 of 3rd period - Minor Penalty to Alexander Steen for Tripping.
15:44 of 3rd period - Joe Pavelski wins face-off versus Nathan MacKinnon in Capitals zone.
16:17 of 3rd period - Snap shot by Tom Wilson.
16:17 of 3rd period - Goal by Tom Wilson - Capitals : 4 - Kings : 5.
16:18 of 3rd period - Nathan MacKinnon wins face-off versus Derek Roy in neutral zone.
16:43 of 3rd period - Torey Krug is hit by Jeff Schultz and loses puck.
16:48 of 3rd period - Snap shot by Niclas Bergfors.
16:48 of 3rd period - Shot Misses the Net.
17:04 of 3rd period - Snap shot by Jason Pominville.
17:04 of 3rd period - Shot Misses the Net.
17:06 of 3rd period - Wrist shot by Jason Pominville.
17:06 of 3rd period - Goal by Jason Pominville - Capitals : 5 - Kings : 5.
17:07 of 3rd period - Ryan Nugent-Hopkins wins face-off versus Nathan MacKinnon in neutral zone.
17:10 of 3rd period - Slapshot by Trevor Daley.
17:10 of 3rd period - Shot Misses the Net.
17:18 of 3rd period - Backhand shot by Brandon Yip.
17:18 of 3rd period - Shot Blocked by Ryan Nugent-Hopkins.
17:20 of 3rd period - Wrist shot by Nathan MacKinnon.
17:20 of 3rd period - Shot Blocked by Trevor Daley.
17:45 of 3rd period - Wrist shot by Mikko Koivu.
17:45 of 3rd period - Shot Hit the Post.
17:59 of 3rd period - Wrist shot by Tom Wilson.
17:59 of 3rd period - Shot Misses the Net.
18:01 of 3rd period - Slapshot by Jeff Schultz.
18:01 of 3rd period - Shot Blocked by Torey Krug.
18:03 of 3rd period - Slapshot by Tom Wilson.
18:03 of 3rd period - Shot Blocked by Brent Burns.
18:05 of 3rd period - Slapshot by Teuvo Teravainen.
18:05 of 3rd period - Shot Blocked by Torey Krug.
19:24 of 3rd period - Ryan Suter is hit by Adam Larsson and loses puck.
19:52 of 3rd period - Roman Josi is hit by Brandon Yip and loses puck.
Goals for this period are 3 for Capitals vs 1 for Kings.
Shots for this period are 5 for Capitals vs 8 for Kings.
Overtime #1
0:01 of 1st overtime period - Joe Pavelski wins face-off versus Anze Kopitar in neutral zone.
0:29 of 1st overtime period - Gabriel Landeskog is hit by Joe Pavelski and loses puck.
1:13 of 1st overtime period - Wrist shot by Teuvo Teravainen.
1:13 of 1st overtime period - Stopped by Tuukka Rask with a rebound.
1:38 of 1st overtime period - Gabriel Landeskog is hit by Mikko Koivu and loses puck.
1:56 of 1st overtime period - Matt Martin is hit by Brent Burns and loses puck.
4:42 of 1st overtime period - Icing by T.J. Oshie.
4:43 of 1st overtime period - T.J. Oshie wins face-off versus Anze Kopitar in Capitals zone.
4:43 of 1st overtime period - T.J. Oshie is hit by Darnell Nurse.
Goals for this period are 0 for Capitals vs 0 for Kings.
Shots for this period are 0 for Capitals vs 1 for Kings.
ShootOut
5:00 of 1st overtime period - Round #1.
5:00 of 1st overtime period - Capitals, Joe Pavelski.
5:00 of 1st overtime period - Backhand shot by Joe Pavelski.
5:00 of 1st overtime period - Stopped by Robin Lehner.
5:00 of 1st overtime period - Kings, Anze Kopitar.
5:00 of 1st overtime period - Deke by Anze Kopitar.
5:00 of 1st overtime period - Shot Misses the Net.
5:00 of 1st overtime period - Round #2.
5:00 of 1st overtime period - Capitals, Derek Roy.
5:00 of 1st overtime period - Snap shot by Derek Roy.
5:00 of 1st overtime period - Stopped by Robin Lehner.
5:00 of 1st overtime period - Kings, Gilbert Brule.
5:00 of 1st overtime period - Snap shot by Gilbert Brule.
5:00 of 1st overtime period - Stopped by Tuukka Rask.
5:00 of 1st overtime period - Round #3.
5:00 of 1st overtime period - Capitals, Jason Pominville.
5:00 of 1st overtime period - Deke by Jason Pominville.
5:00 of 1st overtime period - Stopped by Robin Lehner.
5:00 of 1st overtime period - Kings, Niclas Bergfors.
5:00 of 1st overtime period - Backhand shot by Niclas Bergfors.
5:00 of 1st overtime period - Shot Misses the Net.
5:00 of 1st overtime period - Round #4.
5:00 of 1st overtime period - Capitals, Blake Wheeler.
5:00 of 1st overtime period - Wrist shot by Blake Wheeler.
5:00 of 1st overtime period - Goal by Blake Wheeler.
5:00 of 1st overtime period - Kings, Matt Martin.
5:00 of 1st overtime period - Backhand shot by Matt Martin.
5:00 of 1st overtime period - Goal by Matt Martin.
5:00 of 1st overtime period - Round #5.
5:00 of 1st overtime period - Capitals, Ryan Getzlaf.
5:00 of 1st overtime period - Wrist shot by Ryan Getzlaf.
5:00 of 1st overtime period - Goal by Ryan Getzlaf.
5:00 of 1st overtime period - Kings, Brandon Yip.
5:00 of 1st overtime period - Deke by Brandon Yip.
5:00 of 1st overtime period - Shot Misses the Net.